 Dungeon Crawl Stone Soup version 0.15.0-27-gbdb0435 (console) character file.

229 gw the Fey Demonspawn (level 5, -3/41 HPs)
             Began as a Demonspawn Death Knight on Sept 11, 2014.
             Was a Believer of Yredelemnul.
             Killed by divine providence
             ... invoked by an orc priest
              (12 damage)
             ... on Level 4 of the Dungeon.
             The game lasted 00:04:48 (4885 turns).

gw the Fey Demonspawn (Demonspawn Death Knight)     Turns: 4885, Time: 00:04:48

HP  -3/41        AC 12     Str 13      XL: 5   Next: 71%
MP   9/9         EV  3     Int 13      God: Yredelemnul [**....]
Gold 0           SH  0     Dex 13      Spells:  0 memorised,  4 levels left

rFire  + . .     SeeInvis .     b - +0 flail
rCold  . . .     Clarity  .     l - +1 plate armour
rNeg   . . .     rCorr    .     (no shield)
rPois  .         rRot     .     (no helmet)
rElec  .         Spirit   .     (no cloak)
SustAb .         Warding  .     (no gloves)
rMut   .         Stasis   .     (no boots)
Gourm  .                        (no amulet)
MR     .....                    (no ring)
                                (no ring)

@: not resistant to hostile enchantments, extremely unstealthy
A: molten scales 1, demonic guardian 1, fire resistance 1
a: Animate Remains, Recall Undead Slaves, Injury Mirror, Renounce Religion


You were on level 4 of the Dungeon.
You worshipped Yredelemnul.
Yredelemnul was pleased with you.
You were not hungry.

You visited 1 branch of the dungeon, and saw 4 of its levels.

Inventory:

Hand weapons
 b - a +0 flail (weapon)
Missiles
 e - 69 stones
 i - 2 tomahawks (quivered)
Armour
 l - a +1 plate armour (worn)
Magical devices
 m - a wand of frost (8)
Comestibles
 a - a bread ration
 f - a beef jerky
 g - 3 meat rations
Scrolls
 c - 4 scrolls of identify
Potions
 d - a potion of restore abilities
 h - a potion of curing


   Skills:
 + Level 3.1 Fighting
 * Level 3.2 Maces & Flails
 + Level 2.0 Throwing
 + Level 2.1 Armour
 - Level 0.8 Dodging
 + Level 4.7 Invocations


You had 4 spell levels left.
You didn't know any spells.

Dungeon Overview and Level Annotations

Branches:
Dungeon (4/15)
 Temple: D:4-7

Altars:
Qazlal
Sif Muna


Innate Abilities, Weirdness & Mutations

You are partially covered in molten scales (AC +1).
A weak demonic guardian rushes to your aid.
Your flesh is heat resistant.


Message History

The gnoll barely misses your iron imp.
ATTACK MOVE TO (1,1)
You hit the gnoll.
You kill the gnoll!
Yredelemnul accepts your kill.
The gnoll hits you from afar with a halberd.
ATTACK MOVE TO (1,1)
The orc priest hits you but does no damage.
Your iron imp says, "Just tell me who NOT to kill."
The gnoll hits you with a halberd.
A gnoll comes into view.
There is an open door here.
Items here: %% )) a flail; a club; a gnoll corpse; a gnoll corpse ATTACK MOVE TO (1,1)
Your plate armour prevents you from hitting the gnoll.
The orc priest invokes the aid of Beogh against you.
Something smites you!
You die...
Your body rises from the dead as a mindless zombie.

........#......+
........#.....##
........#.....# ##+##
.......#.....##......
......#......#.......
.....#......#.......
....#......#.......
.+......#.......#
#......6.......#
#.....5#g......+
#.....o#.......
#.....##.......
#.....# ....... .....
g..... .... ..... ...
.... .


You could see an orc priest, 2 gnolls and a friendly iron imp.

Table legend:
 A = Turns spent in this place as a percentage of turns spent in the entire game.
 B = Non-inter-level travel turns spent in this place as a percentage of non-inter-level travel turns spent in the entire game.
 C = Inter-level travel turns spent in this place as a percentage of turns spent in this place.
 D = Turns resting spent in this place as a percentage of non-inter-level travel turns spent in this place.
 E = Turns spent auto-exploring this place as a percentage of non-inter-level travel turns spent in this place.
 F = Non-inter-level travel turns spent in this place divided by the number of levels of this place that you've seen.
                   A       B       C       D       E      F
               +-------+-------+-------+-------+-------+----------------------
         Total | 100.0 | 100.0 |   3.4 |   3.3 |   7.8 | 443.5
       Dungeon | 100.0 | 100.0 |   3.4 |   3.3 |   7.8 | 443.5
               +-------+-------+-------+-------+-------+----------------------

Table legend:
 A = Kills in this place as a percentage of kills in entire the game.
 B = Kills by you in this place as a percentage of kills by you in the entire game.
 C = Kills by friends in this place as a percentage of kills by friends in the entire game.
 D = Other kills in this place as a percentage of other kills in the entire game.
 E = Experience gained in this place as a percentage of experience gained in the entire game.
 F = Experience gained in this place divided by the number of levels of this place that you have seen.
                   A       B       C       D       E      F
               +-------+-------+-------+-------+-------+----------------------
         Total | 100.0 | 100.0 | 100.0 |  -nan | 100.0 |  82.0
       Dungeon | 100.0 | 100.0 | 100.0 |  -nan | 100.0 |  82.0
               +-------+-------+-------+-------+-------+----------------------

Vanquished Creatures
  A crimson imp (D:3)
  8 adders
  A gnoll (D:4)
  A giant mite (D:3)
  2 worms
  3 oozes
  4 orcs (D:3)
  4 bats
  A giant cockroach (D:2)
  8 hobgoblins
  7 jackals
  A giant gecko (D:1)
  2 giant newts (D:1)
  10 goblins
  8 kobolds
  A quokka (D:2)
  7 rats
69 creatures vanquished.

Vanquished Creatures (collateral kills)
  A gnoll (D:4)
  An adder zombie (D:3)
  A giant gecko (D:1)
  2 orcs (D:3)
  A goblin (D:2)
  3 hobgoblins
  A kobold (D:2)
  3 bats
  5 jackals
  4 rats
22 creatures vanquished.

Vanquished Creatures (others)
  3 quasits (D:3)
  4 crimson imps (D:3)
  2 iron imps (D:3)
  5 white imps (D:3)
  3 adder zombies
  3 bat zombies (D:1)
  A giant cockroach (D:2)
  A giant mite zombie (D:3)
  2 hobgoblin zombies (D:3)
  3 jackal zombies
  A kobold zombie (D:2)
  2 orc zombies (D:3)
  A rat zombie (D:3)
31 creatures vanquished.

Grand Total: 122 creatures vanquished

Notes
Turn   | Place    | Note
--------------------------------------------------------------
     0 | D:1      | gw, the Demonspawn Death Knight, began the quest for the Orb.
     0 | D:1      | Reached XP level 1. HP: 16/16 MP: 2/2
    77 | D:1      | Reached skill level 1 in Armour
   368 | D:1      | Gained mutation: A weak demonic guardian rushes to your aid. [demonic ancestry]
   368 | D:1      | Reached XP level 2. HP: 17/22 MP: 4/4
  1017 | D:1      | Gained mutation: You are partially covered in molten scales (AC +1). [demonic ancestry]
  1017 | D:1      | Reached XP level 3. HP: 28/28 MP: 3/5
  1524 | D:2      | Reached skill level 4 in Invocations
  1571 | D:2      | Reached skill level 1 in Throwing
  1738 | D:2      | Gained mutation: Your flesh is heat resistant. [demonic ancestry]
  1738 | D:2      | Reached XP level 4. HP: 15/34 MP: 7/7
  2149 | D:2      | Acquired Yredelemnul's second power
  2372 | D:2      | Found a stormy altar of Qazlal.
  2896 | D:3      | Found a deep blue altar of Sif Muna.
  3712 | D:3      | Reached XP level 5. HP: 41/41 MP: 9/9
  4885 | D:4      | Killed from afar by an orc priest

Action                   |  1- 3 |  4- 6 || total
-------------------------+-------+-------++-------
Melee: Mace              |    90 |   192 ||   282
       Flail             |       |    45 ||    45
Throw: Stone             |    51 |   119 ||   170
       Tomahawk          |       |    16 ||    16
Invok: Animate Remains   |    15 |    18 ||    33
Evoke: Wand              |       |     1 ||     1
  Use: Scroll            |     4 |     2 ||     6
       Potion            |       |     5 ||     5
 Stab: Distracted        |       |     1 ||     1
  Eat: Chunk             |     4 |     7 ||    11
       Bread ration      |       |     1 ||     1

Vault maps used:
D:1:      kilobyte_arrival_exit_the_forest, hangedman_decor_lopped
D:2:      small_statue_intersection, grunt_qazlal_clouds
D:3:      first_bread, lemuel_blue_sif_altar
D:4:      serial_shops, kennysheep_mini_moat
